 Dungeon Crawl Stone Soup version 0.23-a0-239-g84a5ed292d (webtiles) character file.

107 Rrauwl the Cudgeler (level 4, -1/45 HPs)
             Began as a Troll Monk on Sept 26, 2018.
             Slain by an orc priest
             ... wielding a +0 war axe
              (9 damage)
             ... on level 3 of the Dungeon.
             The game lasted 00:04:22 (1412 turns).

Rrauwl the Cudgeler (Troll Monk)                    Turns: 1412, Time: 00:04:23

Health: -1/45      AC:  5    Str: 20      XL:     4   Next: 57%
Magic:  3/3        EV: 10    Int:  3 (6)  God:
Gold:   71         SH:  0    Dex: 10 (12) Spells: 3/3 levels left

rFire    . . .     SeeInvis .   a - +0 mace
rCold    . . .     Gourm    +   (no shield)
rNeg     . . .     Faith    .   b - +0 robe
rPois    .         Spirit   .   (helmet restricted)
rElec    .         Reflect  .   (no cloak)
rCorr    .         Harm     .   (gloves unavailable)
MR       .....                  (boots unavailable)
Stlth    +.........             (no amulet)
HPRegen  0.55/turn              h - ring of wizardry
MPRegen  0.08/turn              (no ring)

@: no status effects
A: large, unfitting armour, claws 3, blurry vision 1, fast metabolism 3,
gourmand, sense surroundings 1, regeneration 1, shaggy fur 1, tough skin 2
a: no special abilities


You were on level 3 of the Dungeon.
You were completely stuffed.

You visited 1 branch of the dungeon, and saw 3 of its levels.

You collected 71 gold pieces.

Inventory:

Hand Weapons
 a - a +0 mace (weapon)
Armour
 b - a +0 robe (worn)
Jewellery
 h - a ring of wizardry (left claw)
Scrolls
 d - a scroll of identify
 k - a scroll of immolation
Potions
 i - a potion of curing
Comestibles
 c - 8 rations
 g - 3 chunks of flesh


   Skills:
 - Level 3.1 Fighting
 + Level 3.5 Maces & Flails
 + Level 1.1 Throwing
 - Level 3.1 Dodging
 - Level 1.0 Stealth


You had 3 spell levels left.
You didn't know any spells.
Your spell library was empty.

Dungeon Overview and Level Annotations

Branches:
Dungeon (3/15)

Altars:


Innate Abilities, Weirdness & Mutations

You are too large for most types of armour.
You have claws for hands.
Your metabolism is lightning-fast.
You like to eat raw meat.
Your natural rate of healing is unusually fast.
You are covered in fur. (AC +1)
You have very tough skin. (AC +2)
Scrolls take you a little longer to read.
You passively map a small area around you.


Message History

The orc priest mumbles some strange prayers to Beogh against you.
Beogh smites you!
You hear a shout!
You hit the orc.
The orc is lightly wounded.
The orc hits you with a trident.
You hit the orc.
The orc is heavily wounded.
The orc barely misses you. The orc hits you with a trident!
* * * LOW HITPOINT WARNING * * *
You hit the orc.
You kill the orc!
The orc priest hits you with a war axe!
* * * LOW HITPOINT WARNING * * *
You closely miss the orc priest.
The orc priest hits you but does no damage.
You hit the orc priest.
The orc priest is moderately wounded.
The orc priest hits you with a war axe!
You die...

, * ,,, * * , ,,
, , , *, * * * ,
, * , , , ,≈ ,
*#######o####
#og.o.o....#
#o#####.###. *
#@# * * , #.#
*,*##..## * *
#.# *,...... ,
#.# *#....# #.#
#....## #.#
#..... ,, #.#
#...####
#.#######.......
#....÷......#


You could see an orc priest, an orc and a goblin.

Vanquished Creatures
  A centaur zombie (D:2)
  An adder (D:2)
  An ooze (D:1)
  3 dart slugs
  2 leopard geckos
  An orc (D:3)
  9 bats
  2 giant cockroaches
  8 goblins
  A hobgoblin (D:2)
  8 kobolds
  A ball python (D:2)
  10 frilled lizards
  6 rats
54 creatures vanquished.

Notes
Turn   | Place    | Note
-------+----------+-------------------------------------------
     0 | D:1      | Rrauwl the Troll Monk began the quest for the Orb.
     0 | D:1      | Reached XP level 1. HP: 22/22 MP: 0/0
   192 | D:1      | Reached XP level 2. HP: 29/29 MP: 1/1
   306 | D:1      | Reached skill level 1 in Throwing
   339 | D:1      | Reached XP level 3. HP: 36/36 MP: 2/2
   824 | D:2      | Gained mutation: Scrolls take you a little longer to read.
                  | [potion of mutation]
   824 | D:2      | Gained mutation: You passively map a small area around you.
                  | [potion of mutation]
  1031 | D:2      | Reached XP level 4. HP: 36/45 MP: 3/3
  1412 | D:3      | Slain by an orc priest

Vault maps used:
D:1:      minmay_arrival_open_corners, minmay_lizard_pond
D:3:      hangedman_ru_absence, tgw_xom, first_ration, serial_park_tiny_pond

Skill      XL: |  1  2  3 |
---------------+----------+-----
Maces & Flails | 3 |  3.5
Throwing       | 1 |  1.1
Fighting       | 3 |  3.1
Dodging        | 3 |  3.1
Stealth        | |  1.0

Action                   |  1- 3 |  4- 6 || total
-------------------------+-------+-------++-------
Melee: Mace              |   149 |    38 ||   187
  Use: Potion            |     5 |       ||     5
       Scroll            |     2 |     1 ||     3
 Stab: Sleeping          |     3 |     1 ||     4
  Eat: Chunk             |    15 |     4 ||    19
Armor: Robe              |    64 |    13 ||    77
Dodge: Dodged            |    94 |    19 ||   113

Table legend:
 A = Non-vault XP
 B = Vault XP
 C = Vault XP percentage of total XP
 D = Non-vault monster count
 E = Vault monster count
 F = Vault count percentage of total count
                 A         B        C        D         E       F
            +---------+---------+-------+---------+---------+-------
      Total |     145 |       9 |   5.8 |      45 |       9 |  16.7
            +---------+---------+-------+---------+---------+-------
        D:1 |      40 |       9 |  18.4 |      18 |       9 |  33.3
        D:2 |      98 |       0 |   0.0 |      24 |       0 |   0.0
        D:3 |       7 |       0 |   0.0 |       3 |       0 |   0.0
            +---------+---------+-------+---------+---------+-------
